 Dungeon Crawl Stone Soup version 0.28.0-53-g5a82cb258f (webtiles) character file.

Game seed: 8687224733958141718

57 Sin92 the Skirmisher (level 3, -6/29 HPs)
             Began as a Demonspawn Fighter on July 3, 2022.
             Mangled by Sigmund
             ... wielding a +0 scythe
              (9 damage)
             ... on level 2 of the Dungeon.
             The game lasted 00:03:36 (1996 turns).

Sin92 the Skirmisher (Demonspawn Fighter)           Turns: 1996, Time: 00:03:36

Health: -6/29      AC: 11    Str: 18    XL:     3   Next: 73%
Magic:  3/3        EV:  7    Int:  9    God:
Gold:   109        SH:  5    Dex: 12    Spells: 2/2 levels left

rFire   . . .      SeeInvis .   a - +0 war axe
rCold   . . .      Faith    .   c - +1 buckler
rNeg    . . .      Spirit   .   k - +0 chain mail
rPois   .          Reflect  .   (no helmet)
rElec   .          Harm     .   (no cloak)
rCorr   .          Rampage  .   (no gloves)
Will    .....                   (no boots)
Stlth   ..........              j - amulet of regeneration
HPRegen 0.89/turn               (no ring)
MPRegen 0.08/turn               (no ring)

@: no status effects
A: icy blue scales 1, weakness stinger 1
a: no special abilities


You were on level 2 of the Dungeon.
You visited 1 branch of the dungeon, and saw 2 of its levels.

You collected 109 gold pieces.

Inventory:

Hand Weapons
 a - a +0 war axe (weapon)
Armour
 b - a +0 scale mail
 c - a +1 buckler (worn)
 k - a +0 chain mail (worn)
Jewellery
 j - an amulet of regeneration (around neck)
Scrolls
 f - 2 scrolls of identify {unknown}
Potions
 d - 3 potions of might
 e - 2 potions of degeneration {unknown}
 g - a potion of invisibility {unknown}
 h - a potion of brilliance {unknown}
 i - 2 potions of attraction {unknown}


   Skills:
 + Level 3.2 Fighting
 * Level 2.6 Axes
 + Level 3.0 Armour
 + Level 1.1 Dodging
 + Level 3.0 Shields


You had 2 spell levels left.
You didn't know any spells.
Your spell library was empty.

Dungeon Overview and Level Annotations

Branches:
Dungeon (2/15)

Altars:

Annotations:
D:2 Sigmund


Innate Abilities, Weirdness & Mutations

You are partially covered in icy blue scales. (AC +2)
You have a small tail.


Message History

You slash the jackal!
You kill the jackal!
A magic dart appears from out of thin air!
The magic dart hits you but does no damage.
You block something's attack.
Things that are here:
a jackal corpse; a jackal corpse You hit something but do no damage.
You hear some strange, mumbled words.
You are confused.
Something hits you but does no damage.
You barely miss something.
Your tail-slap misses something.
You hear some strange, mumbled words.
A magic dart appears from out of thin air!
The magic dart hits you.
You bump into the rock wall.
You hear some strange, mumbled words.
A magic dart appears from out of thin air!
The magic dart hits you. Something hits you!
Things that are here:
a jackal corpse; a jackal corpse You bump into the rock wall.
You're too confused to move!
A magic dart appears from out of thin air!
The magic dart hits you but does no damage.
Something hits you.
You're too confused to move!
You feel less confused. Something hits you.
You closely miss something.
You hear some strange, mumbled words.
A magic dart appears from out of thin air!
The magic dart hits you.
* * * LOW HITPOINT WARNING * * *
You hit something. Something hits you but does no damage.
You miss something.
Your tail-slap misses something.
Something hits you!
* * * LOW HITPOINT WARNING * * *
You miss something. Something hits you!
You die...

#.# #.# ## #.#
.# #.# .# #.#
.# #.# .# .#
#{# .#
.#####... #@#
.# .........
#†# .#
.######.. #†#
.# .# #.# .#
.#
######.#####.#
.#
#......?.....#
.#######
#.####.####..#
.....†.# #.#
#..# ######.#
#.# #.# #..#


There were no monsters in sight!

Vanquished Creatures
  An adder (D:2)
  A dart slug (D:2)
  4 endoplasms (D:1)
  A giant cockroach (D:2)
  4 hobgoblins
  6 jackals (D:2)
  5 kobolds (D:1)
  4 quokkas
  4 ball pythons
  3 bats (D:1)
  2 frilled lizards
  2 goblins
  8 rats (D:1)
45 creatures vanquished.

Vanquished Creatures (others)
  4 withered plants (D:1)
4 creatures vanquished.

Grand Total: 49 creatures vanquished

Notes
Turn   | Place    | Note
-------+----------+-------------------------------------------
     0 | D:1      | Sin92 the Demonspawn Fighter began the quest for the Orb.
     0 | D:1      | Reached XP level 1. HP: 18/18 MP: 1/1
   373 | D:1      | Gained mutation: You are partially covered in icy blue
                  | scales. (AC +2) [demonic ancestry]
   373 | D:1      | Reached XP level 2. HP: 8/20 MP: 2/2
   665 | D:1      | Found a faded altar of an unknown god.
  1169 | D:1      | Gained mutation: You have a small tail. [demonic ancestry]
  1169 | D:1      | Reached XP level 3. HP: 27/28 MP: 3/3
  1862 | D:2      | Reached skill level 1 in Dodging
  1978 | D:2      | Noticed Sigmund
  1996 | D:2      | Mangled by Sigmund

Illustrated notes

Levels and vault maps discovered:
D:1:      evilmike_arrival_hilbert_curve, layout_loops_ring,
          ebering_ecumenical_altar_petrified, minmay_octomino_c4
D:2:      layout_basic, uniq_sigmund

Skill      XL: |  1  2  3 |
---------------+----------+-----
Axes           | 2 |  2.6
Dodging        | 1 |  1.1
Armour         | 3 |  3.0
Shields        | 3 |  3.0
Fighting       | |  3.2

Action                   || total
-------------------------++-------
Melee: War axe           ||   123
       Tailslap          ||     1
  Use: Scroll            ||     3
Armor: Scale mail        ||    47
       Chain mail        ||    17
Dodge: Dodged            ||    71
Block: Buckler           ||    26
